 Dungeon Crawl Stone Soup version 0.24.1-4-ge52af88ad5 (webtiles) character file.

Game seed: 17864315304137614384, levelgen mode: deterministic

60483 MajorAdolf the Cleaver (level 14, -2/126 HPs)
             Began as a Naga Wanderer on Apr 13, 2020.
             Was an Initiate of Gozag.
             Drowned by a drowned soul (12 damage)
             ... summoned by a merfolk avatar
             ... on level 6 of the Lair of Beasts.
             The game lasted 00:50:24 (26240 turns).

MajorAdolf the Cleaver (Naga Wanderer)             Turns: 26240, Time: 00:50:24

Health: -2/126     AC: 46    Str: 20    XL:     14   Next: 99%
Magic:  20/20      EV: 12    Int: 13    God:    Gozag
Gold:   1946       SH: 12    Dex: 16    Spells: 13/13 levels left

rFire    + . .     SeeInvis +   M - +2 broad axe
rCold    + + .     Gourm    .   N - +1 shield {AC+3}
rNeg     . . .     Faith    .   O - +14 plate armour "Riotwisol" {rC+ Dex+3}
rPois    +         Spirit   .   i - +2 helmet
rElec    .         Reflect  .   v - scarf {rC+ rF+}
rCorr    .         Harm     .   I - +2 pair of gloves {Dex+3}
MR       +++..                  g - +4 naga barding
Stlth    ..........             (no amulet)
HPRegen  0.31/turn              K - +6 ring of evasion
MPRegen  0.17/turn              x - ring of protection from magic (curse)

@: very slow
A: large, fangs 1, see invisible, deformed body, low mp 1, magic resistance 1,
mutation resistance 1, poison resistance, slowness 2, slow metabolism 1, spit
poison 1, constrict 1, AC +4
a: Spit Poison, Potion Petition, Call Merchant, Bribe Branch, Renounce Religion


You were on level 6 of the Lair of Beasts.
You worshipped Gozag.
Gozag was most pleased with you.
You were not hungry.

You visited 4 branches of the dungeon, and saw 22 of its levels.

You collected 6348 gold pieces.
You spent 3237 gold pieces at shops.
You paid 1165 gold pieces to Gozag.

Inventory:

Hand Weapons
 M - a +2 broad axe (weapon)
Missiles
 c - 79 poisoned darts (quivered)
 u - 14 curare-tipped darts
 P - 2 datura-tipped darts
Armour
 g - a +4 naga barding (worn)
 i - a +2 helmet (worn)
 q - a +0 large shield
 v - a scarf of resistance (worn)
 I - a +2 pair of gloves of dexterity (worn)
 N - a +1 shield of protection (worn)
 O - the +14 plate armour "Riotwisol" (worn) {rC+ Dex+3}
   (You bought it in a shop on level 2 of the Orcish Mines)

   It affects your dexterity (+3).
   It protects you from cold.
Jewellery
 k - an uncursed ring of positive energy
 p - a +3 ring of strength
 x - a cursed ring of protection from magic (right hand)
 y - a +6 ring of strength
 K - a +6 ring of evasion (left hand)
Wands
 b - a wand of flame (17)
 d - a wand of random effects (37)
 m - a wand of polymorph (22)
 F - a wand of acid (20)
 L - a wand of paralysis (16)
Scrolls
 e - a scroll of brand weapon {unknown}
 r - a scroll of magic mapping
 z - a scroll of fear
 A - 6 scrolls of teleportation
 B - 8 scrolls of remove curse
 D - 3 scrolls of blinking
 G - 13 scrolls of identify
 J - 2 scrolls of summoning
Potions
 a - a potion of might
 h - 4 potions of heal wounds
 j - 3 potions of resistance
 l - 2 potions of lignification
 n - 2 potions of berserk rage
 o - 6 potions of agility
 s - a potion of ambrosia {unknown}
 t - 4 potions of curing
 w - 3 potions of haste
Miscellaneous
 H - a lamp of fire
Comestibles
 f - 14 rations


   Skills:
 + Level 8.2 Fighting
 * Level 14.0 Axes
 - Level 1.7 Throwing
 + Level 8.7 Armour
 + Level 8.5 Dodging
 + Level 2.2 Stealth
 * Level 7.2 Shields
   Level 2.0 Hexes
   Level 3.0 Translocations
 * Level 11.6 Evocations


You had 13 spell levels left.
You didn't know any spells.
Your spell library contained the following spells:

 Spells                   Type           Power        Failure   Level  Hunger
 Apportation              Tloc           #.....       94%         1    ##.....
 Confusing Touch          Hex            #.....       98%         1    ##.....
 Blink                    Tloc           N/A          98%         2    ###....
 Slow                     Hex            #.......     99%         2    ###....
 Animate Skeleton         Necr           N/A          100%        1    ##.....
 Freeze                   Ice            #...         100%        1    ##.....
 Magic Dart               Conj           #...         100%        1    ##.....
 Sandblast                Erth           #.....       100%        1    ##.....
 Shock                    Conj/Air       #...         100%        1    ##.....
 Summon Butterflies       Summ           #.......     100%        1    ##.....
 Summon Small Mammal      Summ           #...         100%        1    ##.....
 Call Imp                 Summ           #.......     100%        2    ###....
 Corpse Rot               Necr           N/A          100%        2    ###....
 Passwall                 Tmut/Erth      #.......     100%        2    ###....
 Searing Ray              Conj           #.....       100%        2    ###....
 Shroud of Golubria       Chrm/Tloc      #.....       100%        2    ###....
 Sublimation of Blood     Necr           #.........   100%        2    ###....
 Swiftness                Chrm/Air       #.......     100%        2    ###....
 Throw Frost              Conj/Ice       #.....       100%        2    ###....
 Call Canine Familiar     Summ           #.......     100%        3    ####...
 Conjure Flame            Conj/Fire      #.......     100%        3    ####...
 Dazzling Spray           Conj/Hex       #.....       100%        3    ####...
 Gell's Gravitas          Tloc           #.........   100%        3    ####...
 Lesser Beckoning         Tloc           #.........   100%        3    ####...
 Mephitic Cloud           Conj/Pois/Air  #.......     100%        3    ####...
 Ozocubu's Armour         Chrm/Ice       #.......     100%        3    ####...
 Static Discharge         Conj/Air       #.......     100%        3    ####...
 Stone Arrow              Conj/Erth      #.....       100%        3    ####...
 Teleport Other           Tloc           #.......     100%        3    ####...
 Airstrike                Air            #.........   100%        4    #####..
 Force Lance              Conj/Tloc      #.......     100%        4    #####..
 Fulminant Prism          Conj/Hex       #.........   100%        4    #####..
 Iskenderun's Mystic Bla  Conj           #.......     100%        4    #####..
 Passage of Golubria      Tloc           N/A          100%        4    #####..
 Petrify                  Tmut/Erth      #.......     100%        4    #####..
 Summon Ice Beast         Ice/Summ       #.......     100%        4    #####..
 Throw Icicle             Conj/Ice       #.......     100%        4    #####..
 Agony                    Necr           #.......     100%        5    ######.
 Bolt of Draining         Conj/Necr      #.........   100%        5    ######.
 Dispel Undead            Necr           #.......     100%        5    ######.
 Excruciating Wounds      Chrm/Necr      #.........   100%        5    ######.
 Lee's Rapid Deconstruct  Erth           #.........   100%        5    ######.
 Lightning Bolt           Conj/Air       #.........   100%        5    ######.
 Summon Mana Viper        Hex/Summ       #.......     100%        5    ######.
 Summon Hydra             Summ           #.........   100%        7    #######


Dungeon Overview and Level Annotations

Branches:
Dungeon (13/15)            Temple (0/1) D:7            Lair (6/6) D:10
  Swamp (1/4) Lair:2        Snake (0/4) Lair:3        Slime (0/5) Lair:5
    Orc (2/2) D:12            Elf (0/3) Orc:2
 Vaults: D:13-14

Altars:
Cheibriados
Dithmenos
Elyvilon
Gozag
Kikubaaqudgha
Makhleb
Nemelex Xobeh
Okawaru
Qazlal
Sif Muna
Trog
Wu Jian
Zin
Jiyva

Shops:
D:6 }%   D:9 *   D:10 !   D:13 [   Orc:1 *[!(   Orc:2 [?![*


Innate Abilities, Weirdness & Mutations

You cannot wear boots.
Your serpentine skin is tough. (AC +4)
You have supernaturally acute eyesight. (SInv)
Armour fits poorly on your strangely shaped body.
Your system is resistant to poisons. (rPois)
You cover ground very slowly.
You have a slow metabolism.
You can spit poison.
You can use your snake-like lower body to constrict enemies.
You have very sharp teeth.
Your magical capacity is low. (-10% MP)
You are resistant to hostile enchantments. (MR+)
You are somewhat resistant to further mutation.


Message History

You slash the drowned soul! You hit the drowned soul.
You constrict the merfolk avatar. The drowned soul touches you.
The drowned soul drowns you! The drowned soul touches you.
The drowned soul drowns you!
* * * LOW HITPOINT WARNING * * *
You slice the merfolk avatar!!
The merfolk avatar is severely wounded.
You closely miss the drowned soul. You constrict the merfolk avatar.
Unknown command.
You hit the merfolk avatar.
The merfolk avatar is severely wounded.
You hit the drowned soul but do no damage.
You hit the drowned soul. You constrict the merfolk avatar!
The merfolk avatar chants a haunting song.
You resist with almost no effort. The drowned soul touches you.
The drowned soul drowns you!
* * * LOW HITPOINT WARNING * * *
The drowned soul touches you. The drowned soul drowns you!
You die...
Your body crumbles into a pile of gold.

###≈≈≈≈≈≈#8≈≈≈≈≈≈≈≈≈≈.#≈≈≈≈≈..##.
#≈.≈≈≈≈#####≈P≈≈#####≈≈≈≈≈####.
###P≈##≈≈#8≈≈≈≈≈≈≈≈≈≈8#≈P##≈≈###.
.##≈≈#.≈≈#≈≈≈≈≈≈≈≈≈≈≈≈#≈≈##≈≈....
....≈≈≈≈P#≈≈≈≈≈≈≈≈≈≈P≈#≈≈≈≈P.....
....≈≈≈≈≈.≈≈#≈))()≈≈≈≈#≈≈≈≈......
.....##≈≈.≈#≈≈≈W≈[P≈≈≈#≈≈..≈.....
#.#..##≈≈.≈≈#≈)≈m(≈≈≈≈#≈≈.#......
###.≈≈≈≈≈.≈#≈≈|≈@[≈≈≈≈#≈≈≈≈..##..
###.≈≈≈≈≈#≈≈≈≈≈≈≈≈≈≈≈≈# ≈≈≈..##..
..P..#.≈≈#≈P≈≈≈≈≈≈≈≈≈≈#≈ #≈..#..
....≈#.≈≈#≈≈≈≈≈≈≈≈≈≈≈.#≈≈##≈.....
....≈≈≈P≈#####.########≈P≈≈≈.....
.....≈≈≈≈#.≈≈≈≈≈≈≈≈≈≈≈#≈≈≈≈≈.....
..#.≈##≈≈#≈≈≈≈#≈≈≈≈≈≈≈#≈≈##≈..###
##.≈..#≈≈#≈≈≈≈≈≈≈≈≈≈≈≈#≈≈##≈≈[###
..P.≈≈≈≈≈#.≈≈≈.≈P#≈≈≈##≈≈≈≈≈##..#


You could see a merfolk avatar (invisible) and a drowned soul.

Vanquished Creatures
  Kirke (Lair:6)
  Louise (Swamp:1)
  A dire elephant (Lair:6)
  Harold (Lair:2)
  6 hydras
  2 centaur warriors
  A two-headed ogre (D:10)
  A tengu warrior (D:13)
  4 orc high priests (Orc:2)
  Sonja (Lair:3)
  An unseen horror (D:11)
  An oklob plant (Lair:3)
  2 orc sorcerers
  3 cyclopes
  4 manticores
  A shining eye (D:12)
  5 slime creatures (D:12)
  A deep elf mage (D:12)
  Maurice (D:8)
  25 elephants
  A moth of wrath (D:12)
  5 black mambas
  A gargoyle (D:13)
  11 spiny frogs
  8 komodo dragons
  A kobold demonologist (D:11)
  4 rime drakes
  4 trolls
  7 polar bears
  A hornet (Lair:6)
  A bog body (Swamp:1)
  A wind drake (Lair:6)
  5 blink frogs (Lair:5)
  7 hippogriffs
  3 wyverns
  A wraith (D:13)
  A spriggan (Lair:1)
  16 yaks
  Grum (Lair:1)
  6 hogs (Lair:6)
  Eustachio (D:5)
  2 basilisks
  2 wargs (Orc:1)
  11 water moccasins
  Edmund (D:4)
  16 orc warriors
  12 porcupines
  A swamp drake (Swamp:1)
  3 ice beasts
  A black bear (D:10)
  A necrophage (D:8)
  2 sky beasts
  2 eyes of draining (D:13)
  2 phantoms
  18 wolves
  9 ogres
  5 centaurs
  3 big kobolds
  11 crocodiles
  9 bullfrogs
  A wyvern zombie (D:9)
  3 scorpions
  4 killer bees (D:7)
  6 howler monkeys
  2 electric eels (Lair:4)
  2 centaur zombies
  2 bullfrog zombies
  5 crimson imps
  A quasit (D:11)
  29 orc priests
  2 hounds
  2 jellies
  22 orc wizards
  6 bullfrog skeletons
  5 centaur skeletons
  3 iguanas
  Jessica (D:3)
  12 worker ants
  A killer bee zombie (D:9)
  A hound zombie (D:9)
  2 hound skeletons
  A worker ant zombie (D:7)
  Robin (D:4)
  7 adders
  3 gnolls (D:7)
  3 shadow imps
  An ooze (D:7)
  An adder zombie (D:8)
  2 worms
  4 dart slugs
  4 leopard geckos
  69 orcs
  7 bats
  5 giant cockroaches
  12 goblins
  15 hobgoblins
  11 jackals
  3 quokkas
  A ball python (D:1)
  5 frilled lizards
  17 kobolds
  A leopard gecko skeleton (D:4)
  A quokka skeleton (D:5)
  A quokka zombie (D:7)
  5 rats
  A fungus (Lair:1)
  3 plants
556 creatures vanquished.

Vanquished Creatures (others)
  An orc wizard (Orc:2)
  22 fungi
  33 plants
56 creatures vanquished.

Grand Total: 612 creatures vanquished

Notes
Turn   | Place    | Note
-------+----------+-------------------------------------------
     0 | D:1      | MajorAdolf the Naga Wanderer began the quest for the Orb.
     0 | D:1      | MajorAdolf set off with the following items: a +0 hand axe,
                  | 7 poisoned darts, a +0 dagger, a +0 robe, a ration; and the
                  | following spells available to memorise: Blink, Shroud of
                  | Golubria, Gell's Gravitas, Lesser Beckoning, Teleport
                  | Other, Passage of Golubria
     0 | D:1      | Reached XP level 1. HP: 19/19 MP: 1/1
   497 | D:1      | Reached skill level 2 in Axes
   497 | D:1      | Reached XP level 2. HP: 22/26 MP: 2/2
   902 | D:1      | Reached XP level 3. HP: 31/32 MP: 3/3
   959 | D:1      | Reached skill level 3 in Axes
  1705 | D:2      | Reached XP level 4. HP: 39/39 MP: 4/4
  1871 | D:2      | Found an opulent altar of Gozag.
  1933 | D:2      | Found a sparkling altar of Nemelex Xobeh.
  1933 | D:2      | Found a bloodstained altar of Trog.
  1949 | D:2      | Found a white marble altar of Elyvilon.
  2040 | D:2      | Found a stormy altar of Qazlal.
  2040 | D:2      | Found an ancient bone altar of Kikubaaqudgha.
  2046 | D:2      | Found a white marble altar of Elyvilon.
  2048 | D:2      | Found a faded altar of an unknown god.
  2052 | D:2      | Found a shadowy altar of Dithmenos.
  2427 | D:2      | Reached skill level 4 in Axes
  2427 | D:2      | Reached skill level 1 in Armour
  2551 | D:2      | Became a worshipper of Gozag Ym Sagoz the Greedy
  2639 | D:2      | Found a snail-covered altar of Cheibriados.
  2719 | D:3      | Noticed Jessica
  2727 | D:3      | Killed Jessica
  2727 | D:3      | Reached XP level 5. HP: 25/45 MP: 5/5
  3182 | D:3      | Found a burning altar of Makhleb.
  3187 | D:3      | Found a glowing silver altar of Zin.
  3187 | D:3      | Noticed a balrug
  3187 | D:3      | Noticed an angel
  3692 | D:4      | Reached skill level 1 in Dodging
  3698 | D:4      | Reached XP level 6. HP: 27/52 MP: 6/6
  4193 | D:4      | Reached skill level 5 in Axes
  4210 | D:4      | Noticed Edmund
  4268 | D:4      | Noticed Robin
  4357 | D:4      | Killed Robin
  4404 | D:4      | You fall into a shaft and drop 2 floors!
  4416 | D:6      | Reached XP level 7. HP: 40/60 MP: 7/7
  4531 | D:5      | Entered Level 5 of the Dungeon
  4949 | D:4      | Killed Edmund
  5205 | D:5      | Reached skill level 6 in Axes
  5521 | D:5      | Found a shimmering blue altar of Sif Muna.
  5588 | D:5      | Reached XP level 8. HP: 51/67 MP: 8/8
  5701 | D:5      | Noticed Eustachio
  5870 | D:5      | Killed Eustachio
  6150 | D:6      | Found Ryr Pim's Food Shoppe.
  6387 | D:6      | Reached skill level 7 in Axes
  6668 | D:6      | Gained mutation: You have very sharp teeth. [potion of
                  | mutation]
  6668 | D:6      | Gained mutation: Your body sometimes deteriorates upon
                  | taking damage. [potion of mutation]
  6668 | D:6      | Lost mutation: Your body sometimes deteriorates upon taking
                  | damage. [potion of mutation]
  6668 | D:6      | Gained mutation: Your tail ends in a poisonous barb.
                  | [potion of mutation]
  6806 | D:6      | Found an ancient bone altar of Kikubaaqudgha.
  6900 | D:6      | Found Irakomm's Gadget Shoppe.
  6972 | D:6      | Bought a wand of iceblast (7) for 154 gold pieces
  7313 | D:6      | Reached skill level 1 in Evocations
  7626 | D:7      | Reached XP level 9. HP: 50/73 MP: 8/10
  7704 | D:7      | Reached skill level 8 in Axes
  8363 | D:7      | Found a staircase to the Ecumenical Temple.
  9001 | D:8      | Noticed Maurice
  9014 | D:8      | Killed Maurice
  9014 | D:8      | Reached skill level 9 in Axes
  9014 | D:8      | Reached skill level 5 in Armour
  9407 | D:8      | Reached skill level 5 in Dodging
  9454 | D:9      | Bought a fluorescent wand for 96 gold pieces
  9454 | D:9      | Bought a potion of agility for 96 gold pieces
  9645 | D:9      | Reached XP level 10. HP: 59/78 MP: 12/12
 10194 | D:9      | Found an iron altar of Okawaru.
 10194 | D:9      | Found an ornate altar of the Wu Jian Council.
 10338 | D:10     | Entered Level 10 of the Dungeon
 10713 | D:10     | Got an ichor-stained ring mail
 10724 | D:10     | Identified the cursed +1 ring mail of the Alphagorgon
                  | {*Drain +Blink Dex+2} (You found it on level 10 of the
                  | Dungeon)
 10828 | D:10     | Noticed a two-headed ogre
 10831 | D:10     | Killed a two-headed ogre
 10831 | D:10     | Reached skill level 10 in Axes
 10831 | D:10     | Reached skill level 5 in Evocations
 10864 | D:10     | Found a staircase to the Lair.
 10956 | D:10     | Found Nupt's Distillery.
 10959 | D:10     | Bought a potion of heal wounds for 50 gold pieces
 11424 | D:11     | Noticed a seven-headed hydra
 11434 | D:11     | Killed a seven-headed hydra
 11725 | D:11     | Noticed a kobold demonologist
 11738 | D:11     | Killed a kobold demonologist
 11775 | D:11     | Noticed a cyclops
 11787 | D:11     | Killed a cyclops
 11787 | D:11     | Reached XP level 11. HP: 54/91 MP: 15/15
 12042 | D:11     | Noticed an unseen horror
 12058 | D:11     | Killed an unseen horror
 12197 | D:12     | Noticed a manticore
 12208 | D:12     | Killed a manticore
 12612 | D:12     | Reached skill level 11 in Axes
 12613 | D:12     | Found a staircase to the Orcish Mines.
 12644 | D:12     | Noticed a centaur warrior
 12657 | D:12     | Killed a centaur warrior
 13030 | D:12     | Noticed a manticore
 13039 | D:12     | Killed a manticore
 13369 | D:12     | Noticed a deep elf mage
 13384 | D:12     | Killed a deep elf mage
 13789 | D:12     | Reached skill level 5 in Fighting
 14101 | D:12     | Noticed a two-headed ogre
 14105 | D:12     | Noticed a shining eye
 14105 | D:12     | a two-headed ogre changed into a shining eye
 14114 | D:12     | Gained mutation: You occasionally shout uncontrollably at
                  | your foes. [a shining eye]
 14115 | D:12     | Gained mutation: Your body sometimes deteriorates upon
                  | taking damage. [a shining eye]
 14116 | D:12     | Killed a shining eye
 14119 | D:12     | Lost mutation: Your body sometimes deteriorates upon taking
                  | damage. [potion of mutation]
 14119 | D:12     | Lost mutation: You occasionally shout uncontrollably at
                  | your foes. [potion of mutation]
 14119 | D:12     | Gained mutation: You are occasionally teleported next to
                  | monsters. [potion of mutation]
 14119 | D:12     | Gained mutation: You are frail. (-10% HP) [potion of
                  | mutation]
 14119 | D:12     | Gained mutation: Your tail ends in a sharp poisonous barb.
                  | [potion of mutation]
 14119 | D:12     | Gained mutation: You are resistant to hostile enchantments.
                  | (MR+) [potion of mutation]
 14120 | D:12     | Lost mutation: Your tail ends in a sharp poisonous barb.
                  | [potion of mutation]
 14120 | D:12     | Lost mutation: Your tail ends in a poisonous barb. [potion
                  | of mutation]
 14120 | D:12     | Lost mutation: You are frail. (-10% HP) [potion of
                  | mutation]
 14120 | D:12     | Gained mutation: You are somewhat resistant to further
                  | mutation. [potion of mutation]
 14120 | D:12     | Gained mutation: You expend magic power (3 MP) to
                  | strengthen your wands. [potion of mutation]
 14178 | D:12     | Noticed a two-headed ogre
 14180 | D:12     | Noticed a moth of wrath
 14180 | D:12     | a two-headed ogre changed into a moth of wrath
 14185 | D:12     | Killed a moth of wrath
 14593 | D:13     | Noticed a tengu warrior
 14605 | D:13     | Killed a tengu warrior
 14605 | D:13     | Reached XP level 12. HP: 98/103 MP: 14/18
 14846 | D:13     | Noticed a four-headed hydra
 14922 | D:13     | Noticed a centaur warrior
 14936 | D:13     | Killed a centaur warrior
 14936 | D:13     | Reached skill level 1 in Shields
 15002 | D:13     | Killed a four-headed hydra
 15485 | D:13     | Bought a pair of polished gloves for 294 gold pieces
 15490 | D:13     | Identified the +4 pair of gloves of Coronation {rF++ MR+
                  | Slay-5} (You bought it in a shop on level 13 of the
                  | Dungeon)
 15505 | D:13     | Bought a pair of embroidered gloves for 232 gold pieces
 15521 | D:13     | Lost mutation: You expend magic power (3 MP) to strengthen
                  | your wands. [potion of mutation]
 15521 | D:13     | Lost mutation: You are occasionally teleported next to
                  | monsters. [potion of mutation]
 15521 | D:13     | Gained mutation: Your magical capacity is low. (-10% MP)
                  | [potion of mutation]
 15585 | Orc:1    | Entered Level 1 of the Orcish Mines
 15585 | Orc:1    | Found Paddolio's Antique Armour Boutique.
 15763 | Orc:1    | Reached skill level 12 in Axes
 15913 | Orc:1    | Found Tuzenar's Weapon Shoppe.
 15920 | Orc:1    | You fall into a shaft and drop 1 floor!
 15920 | Orc:2    | Entered Level 2 of the Orcish Mines
 15920 | Orc:2    | Found a staircase to the Elven Halls.
 16548 | Orc:2    | Found Doshil's Antique Armour Emporium.
 16561 | Orc:2    | Bought a dazzling ring mail for 297 gold pieces
 16561 | Orc:2    | Identified the cursed +1 ring mail "Xoamekk" {+Inv rC-
                  | Regen+ Dex+4} (You bought it in a shop on level 2 of the
                  | Orcish Mines)
 16562 | Orc:2    | Bought a pair of runed gloves for 247 gold pieces
 16629 | Orc:2    | Noticed an orc high priest
 16633 | Orc:2    | Noticed a sun demon
 16640 | Orc:2    | Killed an orc high priest
 17076 | Orc:2    | Noticed an orc high priest
 17080 | Orc:2    | Noticed an orc high priest
 17085 | Orc:2    | Killed an orc high priest
 17096 | Orc:2    | Killed an orc high priest
 17360 | Orc:2    | Noticed an orc high priest
 17366 | Orc:2    | Killed an orc high priest
 17917 | Orc:2    | Found Vahorilo's Armour Boutique.
 17917 | Orc:2    | Found Jusku's Magic Scroll Shop.
 17918 | Orc:2    | Found Wuypli's Distillery.
 17921 | Orc:2    | Found Raishi's General Store.
 18431 | Orc:1    | Found Ihyfof's General Store.
 18543 | Orc:1    | Gained mutation: You can use your snake-like lower body to
                  | constrict enemies. [Naga growth]
 18543 | Orc:1    | Reached XP level 13. HP: 112/112 MP: 18/18
 18732 | Orc:1    | Found Goboe's Distillery.
 18740 | Orc:1    | Bought a potion of might for 40 gold pieces
 18949 | Lair:1   | Entered Level 1 of the Lair of Beasts
 19128 | Lair:1   | Noticed Grum
 19135 | Lair:1   | Killed Grum
 20396 | Lair:2   | Noticed Harold
 20401 | Lair:2   | Killed Harold
 20430 | Lair:2   | Found a staircase to the Swamp.
 20499 | Lair:2   | Reached skill level 10 in Evocations
 21083 | Lair:3   | Noticed Sonja
 21085 | Lair:3   | Reached skill level 5 in Shields
 21090 | Lair:3   | Killed Sonja
 21138 | Lair:3   | Reached skill level 13 in Axes
 21242 | Lair:3   | Found a staircase to the Snake Pit.
 21511 | Orc:2    | Bought the +14 plate armour "Riotwisol" {rC+ Dex+3} for
                  | 1201 gold pieces
 21523 | Orc:2    | Bought a scroll of enchant armour for 90 gold pieces
 21577 | Orc:1    | Bought a potion of heal wounds for 55 gold pieces
 21577 | Orc:1    | Bought a scroll of enchant armour for 82 gold pieces
 21577 | Orc:1    | Bought a potion of curing for 33 gold pieces
 21617 | Orc:1    | Bought a glowing large shield for 270 gold pieces
 21756 | Swamp:1  | Entered Level 1 of the Swamp
 21756 | Swamp:1  | Noticed Louise
 21794 | Swamp:1  | Killed Louise
 23606 | Lair:5   | Reached XP level 14. HP: 118/123 MP: 19/19
 23920 | Lair:5   | Found a viscous altar of Jiyva.
 23921 | Lair:5   | Found a staircase to the Slime Pits.
 24745 | Lair:6   | Entered Level 6 of the Lair of Beasts
 25004 | Lair:6   | Noticed Kirke
 25028 | Lair:6   | Killed Kirke
 25473 | Lair:6   | Reached skill level 1 in Stealth
 25979 | Lair:6   | Noticed a dire elephant
 26007 | Lair:6   | Killed a dire elephant
 26007 | Lair:6   | Reached skill level 14 in Axes
 26153 | Lair:6   | Found the +5 robe of Night {Dark MR+ SInv}
 26240 | Lair:6   | Drowned by a drowned soul

Levels and vault maps discovered:
D:1:      dpeg_arrival_brainrot, layout_basic, minmay_ruptured
D:2:      layout_loops_ring, cheibriados_altar_1,
          chequers_temple_overflow_minitemple,
          gammafunk_temple_overflow_elements, grunt_gozag_statues, first_ration,
          elyvilon_altar_4
D:3:      layout_loops_ring, grunt_temple_overflow_order_and_chaos_2,
          minmay_misc_feat_roman, uniq_jessica
D:4:      layout_cave_pools, serial_glass, glass_columns_a, glass_columns_c,
          glass_columns_a, glass_columns_c, glass_columns_a, glass_columns_a,
          uniq_robin, uniq_edmund
D:5:      layout_gridville, led_sif_pool, minmay_fountain_box, uniq_eustachio
D:6:      layout_cave_pods, basic_altar, serial_shops, nicolae_shop_trees, shop
D:7:      layout_rooms, minmay_temple_entry_tees
D:8:      layout_loops_ring, hangedman_ranch [blue_anna_fruit_fields],
          uniq_maurice
D:9:      layout_basic, gammafunk_temple_overflow_wave,
          kennysheep_generic_room_2
D:10:     layout_loops_cross, dpeg_oklobed_lair, serial_shops,
          kennysheep_mini_moat, hangedman_decor_push, hangedman_decor_growths
D:11:     layout_roguey, moated_statue
D:12:     layout_loops_corners, erik_orc_3
D:13:     layout_cave_pools, serial_park, serial_park_tiny_2, abandoned_shop,
          dk_noncrumbling_2
Lair:1:   layout_small_grid, nicolae_lair_grove_arrangements,
          chequers_serial_rivers_room_a, grunt_forest_large_clearing_hut,
          uniq_grum
Lair:2:   layout_loops_ring, minmay_swamp_entry_reptiles, minmay_holes,
          serial_bayou_shore_b, uniq_harold
Lair:3:   layout_chaotic_city, dummy_snake_entry, cheibrodos_lair_lostbears,
          uniq_sonja
Lair:4:   layout_cave_pods, st_stairs_7, serial_bayou_shore_a
Lair:5:   layout_misc_corridors, slime_altar_1, grunt_megastairs_4
Lair:6:   gammafunk_lair_ancient_temple, layout_long_grid, minivault_23,
          lookout_lair_type, uniq_kirke
Swamp:1:  layout_basic_swamp, evilmike_swamp_ruin_rubble_2, swamp_pool3,
          uniq_louise
Orc:1:    layout_caves, serial_shops, nicolae_shop_statue_plus, shop, shop,
          shop, lemuel_statue_altar
Orc:2:    st_orc_mages, layout_caves, serial_shops, nicolae_shop_stone

Skill      XL: |  1  2  3  4  5  6  7  8  9 10 11 12 13 14 |
---------------+-------------------------------------------+-----
Axes           | 2 3 4 5 6 7 9 10 11 12 13 14 | 14.0
Armour         | 1 2 3 4 5 6 7 8 |  8.7
Dodging        | 1 2 3 4 5 6 7 8 |  8.5
Evocations     | 1 3 6 8 9 10 11 | 11.6
Fighting       | 3 5 6 7 8 |  8.2
Shields        | 3 5 7 |  7.2
Stealth        | 2 |  2.2
Throwing       | |  1.7
Hexes          | |  2.0
Translocations | |  3.0

Action                   |  1- 3 |  4- 6 |  7- 9 | 10-12 | 13-15 || total
-------------------------+-------+-------+-------+-------+-------++-------
Melee: Hand axe          |   116 |   228 |   568 |    38 |       ||   950
       Tailslap          |       |       |    48 |    38 |       ||    86
       Bite              |       |       |    36 |   101 |   133 ||   270
       War axe           |       |       |       |   339 |       ||   339
       Broad axe         |       |       |       |   314 |   670 ||   984
       Constrict         |       |       |       |       |   106 ||   106
Throw: Dart              |       |       |     6 |       |       ||     6
Invok: Call Merchant     |       |       |     1 |     1 |       ||     2
 Abil: Spit Poison       |    10 |     5 |     1 |       |       ||    16
Evoke: Wand              |       |       |     4 |    32 |    27 ||    63
       Lamp of fire      |       |       |       |     2 |       ||     2
  Use: Scroll            |       |     7 |    10 |    11 |     8 ||    36
       Potion            |       |       |     6 |     8 |       ||    14
 Stab: Confused          |       |       |     2 |       |       ||     2
       Distracted        |       |       |     2 |     4 |     7 ||    13
       Paralysed         |       |       |       |       |    12 ||    12
  Eat: Chunk             |     2 |     2 |       |       |       ||     4
       Ration            |       |     2 |     4 |     6 |     7 ||    19
Armor: Robe              |    66 |       |       |       |       ||    66
       Chain mail        |    32 |   217 |   452 |   225 |   123 ||  1049
       Skin              |       |       |     8 |       |       ||     8
       Ring mail         |       |       |       |   237 |       ||   237
       Plate armour      |       |       |       |       |   373 ||   373
Dodge: Dodged            |    45 |    64 |   227 |   249 |   345 ||   930
Block: Shield            |       |       |       |   159 |   476 ||   635
